 Dungeon Crawl Stone Soup version 0.31-a0-986-g5e6e4ef867 (webtiles) character file.

Game seed: 4824925529418326687

95 dialectric the Covert (level 4, -1/23 HPs)
             Began as a Spriggan Delver on Nov 5, 2023.
             Slain by a hound (3 damage)
             ... on level 4 of the Dungeon.
             The game lasted 00:04:04 (2380 turns).

dialectric the Covert (Spriggan Delver)             Turns: 2380, Time: 00:04:05

Health: -1/23      AC:  3    Str: 10    XL:     4   Next: 39%
Magic:  5/5        EV: 17    Int: 11    God:
Gold:   110        SH:  0    Dex: 16    Spells: 3/3 levels left

rFire   . . .        a - +0 short sword
rCold   . . .        (no shield)
rNeg    . . .        b - +0 robe
rPois   .            (helmet restricted)
rElec   .            l - +0 cloak
rCorr   .            (gloves unavailable)
SInv    +            (boots unavailable)
Will    .....        (no amulet)
Stlth   ++++         (no ring)
HPRegen 0.23/turn    (no ring)
MPRegen 0.09/turn

%: no passive effects
@: very quick
A: very small, no large weapons, unfitting armour, see invisible, speed 3
a: no special abilities


You were on level 4 of the Dungeon.
You visited 1 branch of the dungeon, and saw 5 of its levels.

You collected 110 gold pieces.

Inventory:

Hand Weapons
 a - a +0 short sword (weapon)
Missiles
 q - 10 poisoned darts
Armour
 b - a +0 robe (worn)
 l - a +0 cloak (worn)
Jewellery
 p - a +6 ring of strength
Wands
 g - a wand of digging (3)
 i - a wand of flame (11)
Scrolls
 c - a scroll of fog
 d - a scroll of revelation
 e - 2 scrolls of fear
 n - 2 scrolls of identify {unknown}
 o - a scroll of teleportation {unknown}
Potions
 f - 2 potions of haste
 h - 2 potions of curing {unknown}
 j - a potion of attraction {unknown}
 k - a potion of magic {unknown}
 m - a potion of mutation {unknown}
 r - a potion of berserk rage {unknown}
 s - a potion of cancellation {unknown}


   Skills:
 + Level 2.8 Fighting
 + Level 3.2 Short Blades
 - Level 3.1 Dodging
 + Level 8.7 Stealth


You had 3 spell levels left.
You didn't know any spells.
Your spell library contained the following spells:

 Spells                   Type           Power      Damage    Failure   Level
 Tukima's Dance           Hex            0%         N/A       71%         3
 Dimensional Bullseye     Hex/Tloc       0%         N/A       98%         4
 Iskenderun's Mystic Bla  Conj/Tloc      0%         2d3       98%         4


Dungeon Overview and Level Annotations

Branches:
Dungeon (5/15)
 Temple: D:4-7

Altars:
Ashenzari

Shops:
D:3 :   D:4 [

Annotations:
D:3 3 runed translucent doors, Robin; Runia's ghost, amateur DjAE; jlumianski's ghost, novice GnSh
D:4 Grinder


Innate Abilities, Weirdness & Mutations

You are very small and have problems with some larger weapons.
You are too small for most types of armour.
You have supernaturally acute eyesight. (SInv)
You cover ground extremely quickly. (Speed+++)


Message History

A bat comes into view.
The ufetubus attacks as it pursues you! The ufetubus closely misses you.
The ufetubus misses you.
A rat comes into view.
A quokka and a worm come into view.
The ufetubus attacks as it pursues you! The ufetubus misses you. x2
Found 2 brown potions.
The ufetubus attacks as it pursues you! The ufetubus barely misses you. x2
The goblin barely misses you. The ufetubus attacks as it pursues you!
The ufetubus closely misses you. x2
The ufetubus attacks as it pursues you! The ufetubus misses you.
The ufetubus completely misses you.
There is a stone staircase leading down here.
The ufetubus barely misses you. x2; The goblin closely misses you.
The goblin hits you with a +0 dagger.
You climb downwards.
Level annotation: Grinder The hound bites you.
The kobold hits you with a +0 short sword.
The hound closely misses you. The kobold barely misses you.
There is a stone staircase leading up here.
You are too injured to fight recklessly!
You barely miss the goblin. The hound completely misses you.
The goblin closely misses you. The goblin hits you but does no damage.
The kobold misses you.
Unknown command.
You miss the goblin. The hound bites you.
* * * LOW HITPOINT WARNING * * *
You closely miss the goblin. The hound bites you.
* * * LOW HITPOINT WARNING * * *
The goblin misses you. The goblin hits you with a +0 dagger.
* * * LOW HITPOINT WARNING * * *
The kobold misses you. The hound barely misses you.
You barely miss the goblin. The goblin misses you.
The goblin hits you but does no damage. The hound bites you but does no damage.
The kobold barely misses you.
You hit the goblin.
You kill the goblin!
The hound bites you.
You die...

#....# ##...##
#K.).### ##.⌠.+.#
#...#.# ###.##.#
###...#..# #.gKh...# #
#.#@###.# # # #)# #.#
# ..# #.# # .### #.# #
#######†# #
###.....#.### #
#.....#.#...### ######
#.......).....###.....
#.....#.###.#.........


You could see a hound, a goblin and a kobold.

Vanquished Creatures
  2 adders
  2 worms (D:2)
  A dart slug (D:1)
  4 ball pythons
  4 endoplasms
  6 giant cockroaches
  14 goblins
  4 hobgoblins
  4 jackals (D:1)
  7 kobolds
  3 quokkas
  5 bats
  4 rats
60 creatures vanquished.

Notes
Turn   | Place    | Note
-------+----------+-------------------------------------------
     0 | D:5      | dialectric the Spriggan Delver began the quest for the Orb.
     0 | D:5      | Reached XP level 1. HP: 11/11 MP: 2/2
     4 | D:5      | Noticed an iguana
    84 | D:4      | Found a broken altar of Ashenzari.
    84 | D:4      | Noticed Grinder
   103 | D:4      | Found Juetiyc's Armour Shoppe.
   177 | D:4      | Reached XP level 2. HP: 11/16 MP: 3/3
   312 | D:3      | Found Cuudeh's Book Emporium.
   323 | D:3      | Found a runed translucent gate.
   323 | D:3      | Found a runed translucent gate.
   426 | D:3      | Found a runed translucent gate.
   427 | D:3      | Noticed Runia's ghost (amateur DjAE)
   428 | D:3      | Noticed jlumianski's ghost (novice GnSh)
   468 | D:2      | Reached skill level 8 in Stealth
   586 | D:2      | Reached XP level 3. HP: 19/19 MP: 4/4
  1183 | D:1      | Reached XP level 4. HP: 22/23 MP: 5/5
  2204 | D:3      | Noticed Robin
  2380 | D:4      | Slain by a hound

Illustrated notes

Levels and vault maps discovered:
D:1:      wheals_arrival_shading, layout_basic, kennysheep_boxes
D:2:      layout_basic
D:3:      layout_basic, gammafunk_ghost_cemetery, serial_shops,
          nicolae_shop_just_a_little_nook, uniq_natasha, uniq_robin
D:4:      layout_loops_cross, mainiacjoe_overflow_boulevard,
          lemuel_mausoleum_altar_yredelemnul, serial_shops,
          nicolae_shop_hallway_plus, grunt_ministairs_13, uniq_grinder,
          uniq_sigmund
D:5:      layout_gridville, nemelex_xobeh_ov_fountains_minmay,
          minmay_temple_entry_statues_pillars, portal_sewer_entry_a,
          uniq_eustachio

Skill      XL: |  1  2  3 |
---------------+----------+-----
Stealth        | 8 |  8.7
Dodging        | 3 |  3.1
Short Blades   | 3 |  3.2
Fighting       | |  2.8

Action                     |  1- 3 |  4- 6 || total
---------------------------+-------+-------++-------
  Melee: Short sword       |   132 |   102 ||   234
         Punch             |     1 |     2 ||     3
   Stab: Sleeping          |     8 |     7 ||    15
 Armour: Robe              |    33 |    54 ||    87
  Dodge: Dodged            |    93 |   135 ||   228

Table legend: (Time is in decaauts)
 A = Elapsed time spent in this place.
 B = Non-inter-level travel time spent in this place.
 C = Inter-level travel time spent in this place.
 D = Time resting spent in this place.
 E = Time spent auto-exploring this place.
 F = Levels seen in this place.
 G = Mean time per level.
                   A        B        C        D        E       F      G
               +--------+--------+--------+--------+--------+-----+--------+
         Total |   1600 |   1521 |     79 |      0 |    968 |   5 |  320.0 |
       Dungeon |   1600 |   1521 |     79 |      0 |    968 |   5 |  320.0 |
               +--------+--------+--------+--------+--------+-----+--------+

Top non-repeatable levels by time:
     D:2: 646 daAuts
     D:1: 566 daAuts
     D:3: 231 daAuts
     D:4: 131 daAuts
     D:5: 24 daAuts
